 Dungeon Crawl Stone Soup version 0.27-a0-124-g19cb506db8 (webtiles) character file.

Game seed: 9403288513423066826

67 lunkers the Chucker (level 4, 0/40 HPs)
             Began as a Hill Orc Hunter on Jan 25, 2021.
             Succumbed to an adder's poison
             ... on level 2 of the Dungeon.
             The game lasted 00:01:57 (2075 turns).

lunkers the Chucker (Hill Orc Hunter)               Turns: 2075, Time: 00:01:57

Health: 0/40       AC:  3    Str: 15    XL:     4   Next: 18%
Magic:  4/4        EV: 11    Int: 11    God:
Gold:   47         SH:  0    Dex: 11    Spells: 3/3 levels left

rFire    . . .     SeeInvis .   a - +0 short sword
rCold    . . .     Faith    .   (no shield)
rNeg     . . .     Spirit   .   b - +0 leather armour
rPois    .         Reflect  .   (no helmet)
rElec    .         Harm     .   (no cloak)
rCorr    .         Rampage  .   (no gloves)
Will     .....                  (no boots)
Stlth    +.........             (no amulet)
HPRegen  0.13/turn              (no ring)
MPRegen  0.09/turn              (no ring)

@: lethally poisoned (0 -> -8)
A: no striking features
a: no special abilities


You were on level 2 of the Dungeon.
You visited 1 branch of the dungeon, and saw 2 of its levels.

You collected 47 gold pieces.

Inventory:

Hand Weapons
 a - a +0 short sword (weapon)
Missiles
 c - 5 javelins
 f - 28 stones
Armour
 b - a +0 leather armour (worn)
Scrolls
 e - a scroll of identify {unknown}
 g - a scroll of blinking {unknown}
 h - a scroll of amnesia {unknown}
 i - 2 scrolls of fear {unknown}
 j - a scroll of immolation {unknown}
 k - a scroll of remove curse {unknown}


   Skills:
 + Level 4.0 Fighting
 + Level 4.4 Throwing
 - Level 1.5 Dodging
 - Level 0.7 Stealth


You had 3 spell levels left.
You didn't know any spells.
Your spell library was empty.

Dungeon Overview and Level Annotations

Branches:
Dungeon (2/15)

Altars:


Message History

Aim: an adder (heavily wounded, 42% to hit)
You throw a throwing net {=f}. The throwing net {=f} misses the adder.
You feel sick. The adder bites you.
* * * LOW HITPOINT WARNING * * *
You are lethally poisoned!
The adder poisons you!
You barely miss the adder.
The adder is heavily wounded.
* * * LOW HITPOINT WARNING * * *
You feel sick. The adder closely misses you. The adder bites you.
* * * LOW HITPOINT WARNING * * *
You aren't carrying any potions.
You aren't carrying any potions.
Unknown command.
Fire/throw which item? (* to show all) (? for menu, Esc to quit)
Throw: 6 javelins
Press: ? - help, Shift-Dir - straight line, f/p - adder
Aim: an adder (heavily wounded, 42% to hit)
You throw a javelin. The javelin misses the adder.
You die...

#.#######
#†#.#.###.# #.
#.#.....#.# #
######.#######.#
................#
##########.######
#†.# ####(####
#.......#
#.##@##.#
.......S.# #
####.##..# # .(.#
##.# $. #. .#


You could see an adder.

Vanquished Creatures
  A gnoll (D:1)
  An ooze (D:1)
  2 dart slugs (D:1)
  A leopard gecko (D:1)
  A giant cockroach (D:2)
  5 goblins
  9 hobgoblins
  4 jackals
  A quokka (D:2)
  6 bats
  5 frilled lizards
  4 kobolds
  4 rats
44 creatures vanquished.

Notes
Turn   | Place    | Note
-------+----------+-------------------------------------------
     0 | D:1      | lunkers the Hill Orc Hunter began the quest for the Orb.
     0 | D:1      | Reached XP level 1. HP: 18/18 MP: 1/1
    97 | D:1      | Reached XP level 2. HP: 8/25 MP: 2/2
   885 | D:1      | Reached XP level 3. HP: 31/31 MP: 3/3
  1669 | D:1      | Reached XP level 4. HP: 18/40 MP: 4/4
  2074 | D:2      | HP: 1/40 [adder (4)]
  2075 | D:2      | Succumbed to an adder's poison

Illustrated notes

Levels and vault maps discovered:
D:1:      wander_arrival_chamber, layout_loops_ring
D:2:      layout_basic, minmay_misc_feat_roman

Skill      XL: |  1  2  3  4 |
---------------+-------------+-----
Fighting       | 3 4 |  4.0
Throwing       | 4 |  4.4
Dodging        | |  1.5
Stealth        | |  0.7

Action                   |  1- 3 |  4- 6 || total
-------------------------+-------+-------++-------
Melee: Short sword       |   153 |    52 ||   205
Throw: Javelin           |     2 |     1 ||     3
       Throwing net      |       |     2 ||     2
Armor: Leather armour    |    39 |     6 ||    45
Dodge: Dodged            |   104 |    36 ||   140

Table legend: (Time is in decaauts)
 A = Elapsed time spent in this place.
 B = Non-inter-level travel time spent in this place.
 C = Inter-level travel time spent in this place.
 D = Time resting spent in this place.
 E = Time spent auto-exploring this place.
 F = Levels seen in this place.
 G = Mean time per level.
                   A        B        C        D        E       F      G
               +--------+--------+--------+--------+--------+-----+--------+
         Total |   2097 |   2080 |     17 |    548 |   1166 |   2 | 1048.5 |
       Dungeon |   2097 |   2080 |     17 |    548 |   1166 |   2 | 1048.5 |
               +--------+--------+--------+--------+--------+-----+--------+

Top non-repeatable levels by time:
     D:1: 1791 daAuts
     D:2: 306 daAuts
